 Dungeon Crawl Stone Soup version 0.13.0-18-g7b03ea5 (webtiles) character file.

1003 Lilouch the Protected (level 8, -1/48 HPs)
             Began as a Gargoyle Fighter on Oct 22, 2013.
             Killed by divine providence
             ... invoked by an orc priest
              (9 damage)
             ... on Level 4 of the Dungeon.
             The game lasted 00:13:29 (3078 turns).

Lilouch the Protected (Gargoyle Fighter)            Turns: 3078, Time: 00:13:31

HP  -1/48        AC 23     Str 23      XL: 8   Next:  2%
MP   7/7         EV  4     Int  8      God:
Gold 145         SH 18     Dex  9      Spells:  0 memorised,  7 levels left

Res.Fire  : . . .   See Invis. : .   D - +0,+2 flail (protect)
Res.Cold  : . . .   Warding    : .   q - +0 plate armour (curse)
Life Prot.: + . .   Conserve   : .   c - +0 shield
Res.Poison: +       Res.Corr.  : .   (no helmet)
Res.Elec. : +       Clarity    : .   (no cloak)
Sust.Abil.: . .     Spirit.Shd : .   (no gloves)
Res.Mut.  : .       Stasis     : .   (no boots)
Res.Rott. : +       Flight     : .   (no amulet)
Saprovore : . . .                    (no ring)
                                     (no ring)

@: slightly resistant to hostile enchantments, extremely unstealthy
A: fangs 1, talons 2, life protection 1, electricity resistance, slow metabolism
1, unbreathing, petrification resistance, AC +5
a: no special abilities


You were on level 4 of the Dungeon.
You were not hungry.

You visited 1 branch of the dungeon, and saw 4 of its levels.

You collected 125 gold pieces.

Inventory:

Hand weapons
 o - a +3,+4 whip of reaching
 t - a -1,+2 orcish flail of protection
 y - a +0 blowgun
 D - a +0,+2 flail of protection (weapon)
Missiles
 z - 2 poisoned needles
Armour
 c - a +0 shield (worn)
 q - a cursed +0 plate armour (worn)
Magical devices
 a - a wand of digging (9) {unknown}
 r - a wand of random effects (6)
Comestibles
 d - 4 bread rations
 l - a cheese
 m - an apricot
 n - an orange
 x - a pear
Scrolls
 e - 3 scrolls of identify {unknown}
 f - a scroll of enchant armour {unknown}
 g - a scroll of recharging {unknown}
 h - a scroll of curse weapon {unknown}
 i - a scroll of magic mapping {unknown}
 p - 3 scrolls of noise {unknown}
 s - a scroll of curse jewellery {unknown}
 v - a scroll of fear {unknown}
 w - a scroll of enchant weapon II {unknown}
Jewellery
 b - an uncursed ring of protection from magic {unknown}
Potions
 j - 4 potions of curing {unknown}
 k - 2 potions of restore abilities {unknown}
 u - a potion of might {unknown}
 C - a potion of speed {unknown}


   Skills:
 - Level 3.2 Fighting
 + Level 6.2 Maces & Flails
 * Level 8.3 Armour
 - Level 3.2 Shields


You had 7 spell levels left.
You didn't know any spells.

Dungeon Overview and Level Annotations

Branches:
Dungeon (4/27)
 Temple: D:4-7

Altars:
Ashenzari


Innate Abilities, Weirdness & Mutations

You are resistant to torment.
You are immune to poison.
Your stone body is very resilient (AC +5).
You have very sharp teeth.
You have razor-sharp toenails.
You resist negative energy.
You are resistant to electric shocks.
You have a slow metabolism.
You can survive without breathing.
You are immune to petrification.


Message History

You see here 24 darts.
The orc priest invokes the aid of Beogh against you.
Something smites you! The orc priest barely misses you.
All of the chunks of flesh in your inventory have completely rotted away.
You closely miss the orc priest. You claw the orc priest.
The orc priest is heavily wounded.
The orc priest hits you but does no damage.
You closely miss the orc priest. Your kick misses the orc priest.
You bite the orc priest.
The orc priest is severely wounded.
The orc priest hits you but does no damage.
Your shield and plate armour prevent you from hitting the orc priest.
The orc priest is severely wounded.
The orc priest invokes the aid of Beogh against you.
Something smites you!
* * * LOW HITPOINT WARNING * * *
The orc priest calls down the wrath of Beogh upon you.
Something smites you!
You die...

####### #####
####.....######...#
.................o######..
####..........).@.........
#.....######...#########
#..............(........
####.....#######........###.
.............# #........#
#.# ####.....###.#
#.....<..# #.# #.....# #.#
#........# #.# #.....# #.#
#........# #.#
######.#.###.###...####.#
#.#


You could see an orc priest.

Vanquished Creatures
  Edmund (D:4)
  The ghost of 4tharraofdagon the Chopper, an average TrBe of Trog (D:4)
  2 ogres (D:4)
  Duvessa (D:3)
  2 orc priests (D:3)
  Dowan (D:4)
  2 worker ants (D:4)
  3 orc wizards (D:3)
  Ijyb (D:4)
  8 adders
  A worm (D:3)
  10 orcs
  5 bats
  11 goblins
  11 hobgoblins
  9 kobolds
  A quokka (D:4)
  4 giant cockroaches
  3 giant geckos
  2 giant newts (D:1)
  6 jackals
  10 rats
95 creatures vanquished.

Vanquished Creatures (others)
  An orc wizard (D:3)
1 creature vanquished.

Grand Total: 96 creatures vanquished

Notes
Turn   | Place    | Note
--------------------------------------------------------------
     0 | D:1      | Lilouch, the Gargoyle Fighter, began the quest for the Orb.
     0 | D:1      | Reached XP level 1. HP: 14/14 MP: 0/0
   210 | D:1      | Reached XP level 2. HP: 17/19 MP: 1/1
   348 | D:1      | Found a shattered altar of Ashenzari.
   841 | D:2      | Reached skill level 4 in Armour
   841 | D:2      | Reached XP level 3. HP: 21/24 MP: 2/2
   954 | D:2      | Reached XP level 4. HP: 28/28 MP: 3/3
  1507 | D:3      | Reached skill level 5 in Armour
  1507 | D:3      | Reached XP level 5. HP: 31/33 MP: 4/4
  1854 | D:3      | Reached XP level 6. HP: 36/38 MP: 5/5
  1866 | D:3      | Reached skill level 6 in Armour
  2506 | D:4      | Noticed 4tharraofdagon's ghost (average TrBe)
  2518 | D:4      | Killed 4tharraofdagon's ghost
  2518 | D:4      | Reached skill level 5 in Maces & Flails
  2518 | D:4      | Reached skill level 7 in Armour
  2518 | D:4      | Reached XP level 7. HP: 33/42 MP: 6/6
  2725 | D:4      | Noticed Edmund
  2750 | D:4      | Killed Edmund
  2877 | D:4      | Noticed Ijyb
  2901 | D:4      | Killed Ijyb
  2901 | D:4      | Reached skill level 8 in Armour
  2964 | D:4      | Noticed Dowan
  2971 | D:4      | Noticed Duvessa
  2973 | D:4      | Killed Dowan
  3001 | D:3      | Killed Duvessa
  3001 | D:3      | Reached XP level 8. HP: 20/48 MP: 7/7
  3078 | D:4      | Killed from afar by an orc priest

Action                   |  1- 3 |  4- 6 |  7- 9 || total
-------------------------+-------+-------+-------++-------
Melee: Mace              |    98 |    18 |       ||   116
       Whip              |       |    75 |       ||    75
       Flail             |       |    54 |    97 ||   151
Evoke: Wand              |       |       |     1 ||     1
